 Dungeon Crawl Stone Soup version 0.18.1-48-g4cf74bf (webtiles) character file.

101 atgrul the Conjurer (level 4, -14/33 HPs)
             Began as a Draconian Conjurer on July 9, 2016.
             Killed from afar by poirepourri's ghost (22 damage)
             ... with a stone arrow
             ... on level 3 of the Dungeon.
             The game lasted 00:08:05 (2425 turns).

atgrul the Conjurer (Draconian Conjurer)            Turns: 2425, Time: 00:08:06

Health: -14/33     AC:  5    Str: 10    XL:     4   Next: 48%
Magic:  6/7        EV: 12    Int: 17    God:
Gold:   119        SH:  0    Dex: 11    Spells: 1 memorised, 6 levels left

rFire  . . .     SeeInvis .     e - +2 dagger (venom)
rCold  . . .     Gourm    .     (armour unavailable)
rNeg   . . .     Faith    .     (no shield)
rPois  .         Spirit   .     (helmet restricted)
rElec  .         Dismiss  .     (no cloak)
rCorr  .         Reflect  .     (no gloves)
SustAt .         Harm     .     (no boots)
MR     .....                    (no amulet)
Stlth  ++........               (no ring)
                                (no ring)

@: not resistant to hostile enchantments, unstealthy
A: unfitting armour, cold-blooded, AC +5
a: no special abilities


You were on level 3 of the Dungeon.
You were very hungry.

You visited 1 branch of the dungeon, and saw 3 of its levels.

You collected 119 gold pieces.

Inventory:

Hand Weapons
 e - a +2 dagger of venom (weapon)
Scrolls
 c - a scroll of remove curse {unknown}
 d - a scroll of identify
 h - a scroll of enchant armour
 l - a scroll of noise {unknown}
Potions
 f - a potion of invisibility {unknown}
 g - a potion of might
 i - a potion of brilliance {unknown}
 j - a potion of lignification {unknown}
 k - 2 potions of heal wounds {unknown}
 m - a potion of agility {unknown}
Books
 a - a book of Conjurations

   Spells                             Type                      Level
   a - Magic Dart                     Conjuration                  1
   b - Searing Ray                    Conjuration                  2
   c - Dazzling Spray                 Conjuration/Hexes            3
   d - Fulminant Prism                Conjuration/Hexes            4
   e - Iskenderun's Mystic Blast      Conjuration                  4
   f - Iskenderun's Battlesphere      Conjuration/Charms           5
Comestibles
 b - 3 bread rations


   Skills:
 + Level 0.2 Short Blades
 - Level 1.7 Dodging
 - Level 1.7 Stealth
 - Level 2.0 Spellcasting
 + Level 5.9 Conjurations


You had 6 spell levels left.
You knew the following spells:

 Your Spells              Type           Power        Failure   Level  Hunger
a - Magic Dart            Conj           ###.         1%          1    #......


Dungeon Overview and Level Annotations

Branches:
Dungeon (3/15)

Altars:
Yredelemnul

Annotations:
D:2 1 exclusion
D:3 poirepourri's ghost, amateur GrEE


Innate Abilities, Weirdness & Mutations

Your plain brown scales are hard (AC +5).
Your body does not fit into most forms of armour.
You are cold-blooded and may be slowed by cold attacks.


Message History

Confirm with . or Enter, or press ? or * to list all spells.
Aiming: Magic Dart
Press: ? - help, Shift-Dir - straight line, f/p - goblin
Aim: a goblin (moderately wounded)
The magic dart hits the goblin.
You kill the goblin!
Poirepourri's ghost whispers, "Trust me.
Just give in."
Press: ? - help, v - describe, . - travel
Here: poirepourri's ghost The floor.
Poirepourri's ghost points at you and mumbles some strange words.
The stone arrow hits you!
Ouch! That really hurt!
Poirepourri's ghost gestures at you while chanting.
The stone arrow hits you!
* * * LOW HITPOINT WARNING * * *
Poirepourri's ghost gestures at you while chanting.
The stone arrow hits you!
Ouch! That really hurt!
You die...

#. ##.. ... ..# . #.. ..# ..
..#..##### #..##..# ....†....##
#..#..# .......@..# #..#.#
...##.....###....#
..###..........#
..........##....#
......##.........?W.#W...# ###
......#.............#....### #<#
...........................# #.#
..............†............####.#
............#.(#..##.......#....#


You could see poirepourri's ghost.

Vanquished Creatures
  A worker ant (D:3)
  2 adders
  An ooze (D:1)
  2 worms (D:2)
  An orc (D:3)
  8 bats
  A giant cockroach (D:2)
  6 goblins
  4 hobgoblins
  2 jackals (D:3)
  8 kobolds
  A quokka (D:2)
  2 giant newts
  12 rats
  A spectral orc (D:2)
52 creatures vanquished.

Notes
Turn   | Place    | Note
--------------------------------------------------------------
     0 | D:1      | atgrul the Draconian Conjurer began the quest for the Orb.
     0 | D:1      | Reached XP level 1. HP: 14/14 MP: 3/3
   604 | D:1      | Reached XP level 2. HP: 20/20 MP: 5/5
  1211 | D:2      | Reached skill level 5 in Conjurations
  1330 | D:2      | Reached XP level 3. HP: 26/26 MP: 0/6
  2010 | D:2      | Found a basalt altar of Yredelemnul.
  2115 | D:3      | Reached XP level 4. HP: 33/33 MP: 2/7
  2405 | D:3      | Noticed poirepourri's ghost (amateur GrEE)
  2425 | D:3      | Killed from afar by poirepourri's ghost

Skill      XL: |  1  2 |
---------------+-------+-----
Conjurations   | 5 |  5.9
Short Blades   | |  0.2
Dodging        | |  1.7
Stealth        | |  1.7
Spellcasting   | |  2.0

Action                   |  1- 3 |  4- 6 || total
-------------------------+-------+-------++-------
Melee: Dagger            |    37 |     9 ||    46
       Tailslap          |     3 |     2 ||     5
 Cast: Magic Dart        |    74 |    15 ||    89
  Use: Scroll            |       |     4 ||     4
 Stab: Sleeping          |     1 |       ||     1
  Eat: Chunk             |     4 |     1 ||     5
Armor: Skin              |     9 |     4 ||    13
Dodge: Dodged            |    22 |     3 ||    25
